 Dungeon Crawl Stone Soup version 0.29.1-2-gbd0b4ee654 (webtiles) character file.

Game seed: 8256847856788512452

395 mcbry74 the Ruffian (level 6, -1/46 (55) HPs)
             Began as a Troll Gladiator on Oct 28, 2022.
             Was an Initiate of Wu Jian.
             Slain by Duvessa
             ... wielding a +5 short sword of draining
              (14 damage)
             ... on level 4 of the Dungeon.
             The game lasted 00:10:43 (2821 turns).

mcbry74 the Ruffian (Troll Gladiator)               Turns: 2821, Time: 00:10:43

HP:   -1/46 (55)    AC:  6    Str: 23    XL:     6   Next: 52%
MP:   5/5           EV: 10    Int:  6    God:    Wu Jian [......]
Gold: 225           SH:  5    Dex: 11    Spells: 5/5 levels left

rFire   + . .      SeeInvis .     - Unarmed
rCold   . . .      Faith    .   (no shield)
rNeg    . . .      Spirit   .   o - +2 robe {Will+}
rPois   .          Reflect  +   b - +0 hat
rElec   .          Harm     .   (no cloak)
rCorr   .          Rampage  .   (gloves unavailable)
Will    +....                   (boots unavailable)
Stlth   +.........              D - amulet of reflection
HPRegen 0.95/turn               u - ring of protection from fire
MPRegen 0.09/turn               (no ring)

@: heavily drained
A: large, unfitting armour, claws 3, regeneration 1, shaggy fur 1, tough skin 1
a: Renounce Religion


You were on level 4 of the Dungeon.
You worshipped Wu Jian.
Wu Jian was noncommittal.
You visited 2 branches of the dungeon, and saw 5 of its levels.

You collected 225 gold pieces.

Inventory:

Missiles
 c - 2 throwing nets
 d - 4 large rocks
 g - 47 stones
 k - 5 poisoned darts (quivered)
 s - 3 datura-tipped darts
 E - 6 boomerangs
Armour
 a - a +0 robe
 b - a +0 hat (worn)
 o - a +2 robe of willpower (worn)
Jewellery
 u - a ring of protection from fire (left claw)
 D - an amulet of reflection (around neck)
Wands
 f - a wand of flame (17)
Scrolls
 e - 2 scrolls of poison {unknown}
 h - 3 scrolls of immolation {unknown}
 l - a scroll of fog {unknown}
 n - 5 scrolls of teleportation {unknown}
 r - a scroll of amnesia {unknown}
 t - 6 scrolls of identify {unknown}
 v - a scroll of noise {unknown}
 w - a scroll of vulnerability {unknown}
 y - a scroll of blinking {unknown}
Potions
 i - 2 potions of attraction {unknown}
 j - 2 potions of mutation {unknown}
 m - a potion of berserk rage {unknown}
 p - 2 potions of heal wounds {unknown}
 q - 2 potions of might {unknown}
 x - a potion of magic {unknown}
 z - a potion of curing {unknown}
 A - a potion of brilliance {unknown}
 B - 2 potions of degeneration {unknown}
 C - a potion of haste {unknown}
 F - a potion of cancellation {unknown}


   Skills:
 - Level 1.5 Fighting
 + Level 3.8 Throwing
 - Level 2.4 Dodging
 * Level 6.3 Unarmed Combat


You had 5 spell levels left.
You didn't know any spells.
Your spell library contained the following spells:

 Spells                   Type           Power      Damage    Failure   Level
 Gell's Gravitas          Tloc           0%         N/A       83%         3
 Teleport Other           Tloc           0%         N/A       83%         3
 Dispersal                Tloc           0%         N/A       100%        6


Dungeon Overview and Level Annotations

Branches:
Dungeon (4/15)             Temple (1/1) D:4

Altars:
Cheibriados
Dithmenos
Elyvilon
Fedhas
Makhleb
Nemelex Xobeh
Qazlal
Ru
Uskayaw
Wu Jian
Zin
The Shining One

Annotations:
D:4 Duvessa


Innate Abilities, Weirdness & Mutations

You are too large for most types of armour.
You have claws for hands.
Your natural rate of healing is unusually fast.
You are covered in fur. (AC +1)
You have tough skin. (AC +1)


Message History

You see here a +0 short sword.
g - 47 stones (gained 3)
Found an escape hatch in the floor.
Duvessa goes berserk!
You hear a shout!
Throw: 7 darts (poison)
Press: ? - help, Q - select action, (/) - cycle Shift-Dir - straight line, f - Duvessa
Aim: Duvessa, wielding a +5 short sword of draining and wearing a +0 ring mail (berserk, 64% to hit)
You throw a poisoned dart.
The poisoned dart completely misses Duvessa.
Throw: 6 darts (poison)
Press: ? - help, Q - select action, (/) - cycle Shift-Dir - straight line, f/p - Duvessa
Aim: Duvessa, wielding a +5 short sword of draining and wearing a +0 ring mail (berserk, 64% to hit)
You throw a poisoned dart. The poisoned dart hits Duvessa!
Duvessa is poisoned.
Duvessa attacks as you move away! You block Duvessa's attack.
Duvessa hits you with a +5 short sword of draining.
You feel drained. Duvessa attacks as you move away! You block Duvessa's attack.
Duvessa rages.
Duvessa attacks as you move away!
Duvessa hits you with a +5 short sword of draining!
You feel drained. You block Duvessa's attack. Duvessa attacks as you move away!
You block Duvessa's attack.
Duvessa rages.
You hear a shout!
Duvessa hits you with a +5 short sword of draining!
You feel drained.
Unknown command.
You closely miss Duvessa.
Duvessa is lightly wounded.
You block Duvessa's attack.
You claw Duvessa!
Duvessa is moderately wounded.
Duvessa hits you with a +5 short sword of draining!
You feel drained.
* * * LOW HITPOINT WARNING * * *
You claw Duvessa!
Duvessa is heavily wounded.
Duvessa hits you with a +5 short sword of draining!
You die...

.#####......
#........#
............
##.......#
....##......
####.#### .##.# #(#
.##.# #.# ..#.#
##### ##.# #.#.#
#...# #..# #.#.#
###...###.## ....#
##......@#.# #.###
#........e.#
#...#####..........#
###...)...........##
########.#...#.##
#.......# ###...###
#####


You could see Duvessa (berserk, poisoned).

Vanquished Creatures
  Sigmund (D:2)
  Dowan (D:4)
  A hound (D:4)
  Terence (D:2)
  Robin (D:2)
  4 adders
  2 worms (D:2)
  2 dart slugs
  An orc (D:3)
  5 bats
  6 endoplasms
  13 goblins
  10 hobgoblins
  4 jackals
  3 quokkas
  4 ball pythons
  5 frilled lizards
  7 kobolds
  5 rats
76 creatures vanquished.

Notes
Turn   | Place    | Note
-------+----------+-------------------------------------------
     0 | D:1      | mcbry74 the Troll Gladiator began the quest for the Orb.
     0 | D:1      | Reached XP level 1. HP: 19/19 MP: 0/0
   168 | D:1      | Reached XP level 2. HP: 27/27 MP: 1/1
   738 | D:1      | Found a faded altar of an unknown god.
   910 | D:2      | Reached XP level 3. HP: 33/33 MP: 2/2
   939 | D:2      | Noticed Sigmund
   957 | D:2      | Killed Sigmund
   958 | D:2      | Reached skill level 5 in Unarmed Combat
   958 | D:2      | Reached XP level 4. HP: 41/41 MP: 3/3
   958 | D:2      | Reached XP level 5. HP: 48/48 MP: 4/4
  1083 | D:2      | Noticed Terence
  1095 | D:2      | Killed Terence
  1549 | D:2      | Noticed Robin
  1559 | D:2      | Killed Robin
  1560 | D:2      | Reached XP level 6. HP: 53/55 MP: 5/5
  2346 | D:4      | Reached skill level 6 in Unarmed Combat
  2373 | D:4      | Found a staircase to the Ecumenical Temple.
  2382 | Temple   | Entered the Ecumenical Temple
  2418 | Temple   | Became a worshipper of the Wu Jian Council
  2684 | D:4      | Noticed Duvessa
  2686 | D:4      | Noticed Dowan
  2720 | D:4      | Killed Dowan
  2821 | D:4      | Slain by Duvessa

Illustrated notes

Levels and vault maps discovered:
D:1:      dpeg_arrival_signposts, layout_loops_ring, serial_glass,
          glass_columns_c, glass_columns_b, dilly_ecumenical_altar_fadedgnrine
D:2:      layout_loops_ring, minmay_randomly_rotated_circles, uniq_sigmund,
          uniq_terence, uniq_robin
D:3:      layout_basic
D:4:      layout_loops_cross, minmay_temple_entry_antechambers, uniq_duvessa
Temple:   nicolae_temple_no_exploring_needed

Skill      XL: |  1  2  3  4  5  6 |
---------------+-------------------+-----
Throwing       | 2 3 |  3.8
Unarmed Combat | 5 6 |  6.3
Fighting       | |  1.5
Dodging        | |  2.4

Action                   |  1- 3 |  4- 6 || total
-------------------------+-------+-------++-------
Melee: Unarmed           |    59 |   132 ||   191
       Punch             |     2 |     1 ||     3
Throw: Stone             |     1 |       ||     1
       Throwing net      |     1 |       ||     1
       Dart              |       |     2 ||     2
Invok: Lunge             |       |     4 ||     4
  Use: Potion            |     1 |       ||     1
 Stab: Sleeping          |     2 |     1 ||     3
Armor: Robe              |    15 |    46 ||    61
Dodge: Dodged            |    25 |    54 ||    79
Block: Other             |       |     8 ||     8
